 Dungeon Crawl Stone Soup version 0.27.1-33-g824d729ab1 (webtiles) character file.

Game seed: 5752390724057622983

2752 soonk12 the Fighter (level 9, 0/82 HPs)
             Began as a Minotaur Berserker on Dec 2, 2021.
             Was a High Priest of Trog.
             Slain by a hornet (10 damage)
             ... on level 7 of the Dungeon.
             The game lasted 00:46:06 (8521 turns).

soonk12 the Fighter (Minotaur Berserker)            Turns: 8521, Time: 00:46:08

Health: 0/82       AC: 10    Str: 26    XL:     9   Next: 41%
Magic:  8/8        EV:  9    Int:  4    God:    Trog [*****.]
Gold:   383        SH: 15    Dex:  9    Spells: 8/8 levels left

rFire    . . .     SeeInvis .   A - +2 whip (freeze)
rCold    + . .     Faith    .   C - +0 tower shield
rNeg     . . .     Spirit   .   l - +2 leather armour {rC+}
rPois    .         Reflect  .   (helmet restricted)
rElec    .         Harm     .   (no cloak)
rCorr    .         Rampage  .   L - +0 pair of gloves
Will     .....                  v - +2 pair of boots
Stlth    +.........             (no amulet)
HPRegen  0.23/turn              (no ring)
MPRegen  0.11/turn              (no ring)

@: lethally poisoned (0 -> -4), slowed, very slow
A: horns 2, retaliatory headbutt
a: Renounce Religion, Berserk, Trog's Hand, Brothers in Arms


You were on level 7 of the Dungeon.
You worshipped Trog.
Trog was extremely pleased with you.
You visited 2 branches of the dungeon, and saw 9 of its levels.

You collected 383 gold pieces.

Inventory:

Hand Weapons
 a - a +0 hand axe
 o - a +0 hunting sling
 p - a +4 quarterstaff of chaos
 u - a +2 dagger of venom
 w - a +2 dagger of freezing
 A - a +2 whip of freezing (weapon)
Missiles
 f - 48 poisoned darts
 k - 222 stones (quivered)
 s - 15 sling bullets
Armour
 b - a +0 animal skin
 d - a +0 ring mail
 l - a +2 leather armour of cold resistance (worn)
 v - a +2 pair of boots (worn)
 B - a +1 robe of cold resistance
 C - a +0 tower shield (worn)
 L - a +0 pair of gloves (worn)
 M - a +2 leather armour of fire resistance
Jewellery
 F - a ring of flight
Wands
 n - a wand of polymorph (10)
 D - a wand of flame (35)
Scrolls
 h - a scroll of enchant weapon {unknown}
 m - a scroll of magic mapping
 q - 3 scrolls of teleportation {unknown}
 r - a scroll of acquirement {unknown}
 y - a scroll of silence {unknown}
 G - 3 scrolls of identify {unknown}
 J - a scroll of noise {unknown}
 K - a scroll of brand weapon {unknown}
Potions
 c - a potion of attraction {unknown}
 e - 3 potions of brilliance {unknown}
 g - 2 potions of ambrosia {unknown}
 i - 2 potions of lignification {unknown}
 j - a potion of degeneration {unknown}
 t - a potion of resistance {unknown}
 x - a potion of flight {unknown}
 z - 2 potions of curing {unknown}
 E - 2 potions of cancellation {unknown}
 H - a potion of invisibility {unknown}
 I - 5 potions of heal wounds {unknown}


   Skills:
 + Level 8.9 Fighting
 - Level 7.3(8.0) Axes
 + Level 4.8(6.8) Maces & Flails
 - Level 6.8 Armour
 - Level 6.2 Dodging
 + Level 4.8 Shields


You had 8 spell levels left.
You didn't know any spells.
Your spell library was empty.

Dungeon Overview and Level Annotations

Branches:
Dungeon (8/15)             Temple (1/1) D:6
   Lair: D:8-11

Altars:
Ashenzari
Cheibriados
Dithmenos
Elyvilon
Fedhas
Gozag
Hepliaklqana
Kikubaaqudgha
Makhleb
Nemelex Xobeh
Okawaru
Qazlal
Ru
Sif Muna
Trog
Uskayaw
Vehumet
Wu Jian
Xom
Yredelemnul
The Shining One

Shops:
D:5 :

Annotations:
D:4 Menkaure
D:5 1 runed translucent door, pkoi's ghost, novice DrBr


Innate Abilities, Weirdness & Mutations

You have a pair of horns on your head.
You reflexively headbutt those who attack you in melee.


Message History

The killer bee stings you but does no damage.
You block the killer bee's attack. The hornet stings you!
You suddenly lose the ability to move!
The killer bee stings you but does no damage.
The hornet stings you!
You are poisoned.
You feel as though you will be slow longer.
The killer bee stings you.
You can move again.
You climb upwards.
You feel very sick.
There is a stone staircase leading down here.
You whack the hornet! You freeze the hornet. Your headbutt misses the hornet.
The hornet is heavily wounded.
You feel sick. You block the killer bee's attack.
The hornet closely misses you. You block the killer bee's attack.
The hornet stings you!
You feel as though you will be slow longer.
The killer bee stings you but does no damage.
The hornet stings you!
You feel as though you will be slow longer.
You are too injured to fight recklessly!
You hit the hornet. You freeze the hornet. Your headbutt misses the hornet.
The hornet is heavily wounded.
You feel sick.
You block the killer bee's attack. x2; The hornet stings you.
You feel as though you will be slow longer.
The killer bee stings you.
* * * LOW HITPOINT WARNING * * *
You are more poisoned.
The killer bee poisons you! The hornet barely misses you.
You furiously retaliate!
You headbutt the hornet. You block the killer bee's attack.
The hornet stings you but does no damage.
You closely miss the hornet.
The hornet is severely wounded.
You feel very sick. The killer bee stings you!
* * * LOW HITPOINT WARNING * * *
You block the killer bee's attack. The hornet stings you!
You die...

#....#
#####.##.##....#...###...
#...^#### #.##.##.....#....#.#.
###.....# #.............##.#..#
#.###.#####.####...............
#..##....##.# #...............
##.#####.##.####...............
#.# #)................#.....
#.# ##.......y.........##....
#.## #.......@................
#..# #.......y.......###.#....
##.# #..............## #.#....
#.###...........#### #......
#..##..........#########.....
##.##........................
###.#..........#..>.#.........
#..................##.........
###.##..........##.#####.###..


You could see a hornet and a killer bee.

Vanquished Creatures
  Pikel (D:6)
  A black bear (D:5)
  An ice beast (D:7)
  2 sky beasts
  A necrophage (D:5)
  A centaur (D:5)
  3 ogres
  A phantom (D:3)
  A lemure (D:6)
  A bullfrog (D:6)
  A gnoll sergeant (D:7)
  2 scorpions (D:6)
  A wyvern skeleton (D:7)
  5 killer bees
  2 centaur zombies (D:7)
  A gnoll shaman (D:6)
  4 hounds
  Crazy Yiuf (D:2)
  2 centaur skeletons (D:6)
  An orc priest (D:6)
  2 jellies (D:6)
  Jessica (D:3)
  A bullfrog skeleton (D:6)
  Terence (D:2)
  3 iguanas
  A scorpion zombie (D:5)
  An orc wizard (D:8)
  A hound skeleton (D:4)
  Robin (D:2)
  11 gnolls
  7 adders
  A shadow imp (D:6)
  4 white imps
  A worm (D:3)
  5 dart slugs
  6 orcs
  6 ball pythons
  5 endoplasms
  2 giant cockroaches
  13 goblins
  10 hobgoblins
  4 jackals (D:3)
  7 quokkas
  9 bats
  6 frilled lizards
  2 kobolds
  5 rats
149 creatures vanquished.

Vanquished Creatures (others)
  2 withered plants (D:5)
2 creatures vanquished.

Grand Total: 151 creatures vanquished

Notes
Turn   | Place    | Note
-------+----------+-------------------------------------------
     0 | D:1      | soonk12 the Minotaur Berserker began the quest for the Orb.
     0 | D:1      | Reached XP level 1. HP: 19/19 MP: 0/0
   204 | D:1      | Reached XP level 2. HP: 24/27 MP: 1/1
   654 | D:1      | Reached skill level 4 in Fighting
   873 | D:2      | Reached XP level 3. HP: 33/33 MP: 2/2
   922 | D:2      | Noticed Terence
   928 | D:2      | Killed Terence
   937 | D:2      | Reached ** piety under Trog
  1078 | D:2      | Reached XP level 4. HP: 37/41 MP: 3/3
  1478 | D:2      | Found a runed translucent door.
  1479 | D:2      | Noticed Crazy Yiuf
  1489 | D:2      | Killed Crazy Yiuf
  1763 | D:2      | Noticed Robin
  1776 | D:2      | Killed Robin
  1777 | D:2      | Reached XP level 5. HP: 46/47 MP: 4/4
  2597 | D:3      | Reached *** piety under Trog
  2912 | D:3      | Noticed Jessica
  2914 | D:3      | Killed Jessica
  3021 | D:3      | Reached skill level 5 in Fighting
  3021 | D:3      | Reached skill level 5 in Axes
  3324 | D:4      | Noticed a black bear
  3324 | D:4      | Noticed a phantom
  3332 | D:3      | Killed a phantom
  3333 | D:3      | Reached XP level 6. HP: 56/56 MP: 5/5
  3691 | D:5      | Entered Level 5 of the Dungeon
  3900 | D:4      | Noticed Menkaure
  4324 | D:5      | Reached **** piety under Trog
  4393 | D:5      | Noticed a sky beast
  4417 | D:5      | Killed a sky beast
  4508 | D:5      | Identified the +3 trident of Powerful True Grit {flame,
                  | rElec Str+3 Int-4 Dex+4}
  4513 | D:5      | Found Xexzest's Book Shoppe.
  4605 | D:5      | Reached skill level 5 in Armour
  4605 | D:5      | Reached XP level 7. HP: 44/62 MP: 6/6
  4734 | D:5      | Reached skill level 6 in Fighting
  4737 | D:5      | Reached skill level 5 in Dodging
  5332 | D:5      | Reached XP level 8. HP: 69/71 MP: 7/7
  5478 | D:5      | Found a runed translucent door.
  5483 | D:5      | Noticed pkoi's ghost (novice DrBr)
  5916 | D:6      | Noticed Pikel
  5928 | D:6      | Killed Pikel
  5929 | D:6      | Reached skill level 7 in Fighting
  6112 | D:6      | Found a staircase to the Ecumenical Temple.
  6127 | D:6      | Reached skill level 1 in Maces & Flails
  6190 | Temple   | Entered the Ecumenical Temple
  6512 | D:6      | Reached skill level 1 in Shields
  6989 | D:6      | Reached skill level 8 in Fighting
  7312 | D:6      | Reached XP level 9. HP: 67/81 MP: 8/8
  7914 | D:7      | Reached ***** piety under Trog
  8517 | D:8      | Paralysed by a hornet for 1 turns
  8521 | D:7      | Slain by a hornet

Illustrated notes

Levels and vault maps discovered:
D:1:      mainiacjoe_arrival_reflecting_pool, layout_loops_cross,
          minmay_tetromino_o4
D:2:      layout_basic, uniq_robin, uniq_crazy_yiuf_cottage, uniq_terence
D:3:      layout_loops_corners, minmay_fractal_squares_5, uniq_jessica
D:4:      layout_gridville, mainiacjoe_overflow_small_starburst, st_stairs_12,
          grunt_ministairs_15, minmay_misc_feat_x, uniq_menkaure
D:5:      minmay_evil_eye, layout_loops_corners, gammafunk_ghost_grave,
          serial_shops, nicolae_shop_statue_plus, palyth_stone_intersect,
          eino_tiny_chamber
D:6:      layout_basic, minmay_temple_entry_proselytizer, uniq_pikel
D:7:      layout_rooms
D:8:      layout_basic, grunt_decor_resistance
Temple:   nicolae_temple_the_god_donut

Skill      XL: |  1  2  3  4  5  6  7  8  9 |
---------------+----------------------------+-----
Fighting       | 4 5 6 8 |  8.9
Axes           | 4 5 6 7 |  7.3
Armour         | 3 4 5 6 |  6.8
Dodging        | 3 4 5 6 |  6.2
Maces & Flails | 3 4 |  4.8
Shields        | 3 4 |  4.8

Action                   |  1- 3 |  4- 6 |  7- 9 || total
-------------------------+-------+-------+-------++-------
Melee: Hand axe          |    64 |   143 |    62 ||   269
       Headbutt          |     6 |    23 |    49 ||    78
       Whip              |       |       |   157 ||   157
Invok: Berserk           |     1 |     5 |     4 ||    10
  Use: Scroll            |       |     2 |     2 ||     4
Armor: Leather armour    |    11 |    46 |    79 ||   136
       Ring mail         |     7 |       |       ||     7
Dodge: Dodged            |    41 |    83 |    85 ||   209
Block: Tower shield      |       |       |   116 ||   116
